 Dungeon Crawl Stone Soup version 0.29.0-15-g675c0067aa (webtiles) character file.

Game seed: 2895568417859658201

109641 qw the Severer (level 16, -12/157 HPs)
             Began as a Minotaur Berserker on Sept 12, 2022.
             Was an Elder of Trog.
             Killed from afar by a shock serpent (15 damage)
             ... with a bolt of electricity
             ... on level 1 of the Snake Pit.
             The game lasted 00:09:26 (27519 turns).

qw the Severer (Minotaur Berserker)                Turns: 27519, Time: 00:09:27

Health: -12/157    AC: 30    Str: 27    XL:     16   Next: 5%
Magic:  15/15      EV: 14    Int:  4    God:    Trog [****..]
Gold:   1354       SH: 20    Dex: 13    Spells: 15/15 levels left

rFire   . . .      SeeInvis .   f - +6 broad axe (drain)
rCold   + . .      Faith    .   x - +2 kite shield
rNeg    . . .      Spirit   .   y - +3 plate armour {rC+}
rPois   +          Reflect  +   (helmet restricted)
rElec   .          Harm     .   c - +2 cloak
rCorr   .          Rampage  .   s - +2 pair of gloves
Will    +....                   e - +2 pair of boots
Stlth   ..........              u - amulet of reflection
HPRegen 0.36/turn               t - ring of poison resistance
MPRegen 0.14/turn               h - +4 ring of evasion

@: about to teleport, on berserk cooldown, slowed, very slow
A: horns 2, retaliatory headbutt
a: Renounce Religion, Berserk, Trog's Hand, Brothers in Arms


You were on level 1 of the Snake Pit.
You worshipped Trog.
Trog was greatly pleased with you.
You visited 4 branches of the dungeon, and saw 23 of its levels.

You collected 2464 gold pieces.
You spent 1110 gold pieces at shops.


Innate Abilities, Weirdness & Mutations

You have a pair of horns on your head.
You reflexively headbutt those who attack you in melee.


   Skills:
 - Level 17.9 Fighting
 - Level 18.0 Axes
 - Level 7.0 Throwing
 + Level 14.6 Armour
 - Level 8.0 Dodging
 - Level 16.0 Shields


You had 15 spell levels left.
You didn't know any spells.
Your spell library was empty.

Inventory:

Hand Weapons
 f - a +6 broad axe of draining (weapon)
 o - a +1 hand axe of flaming
Missiles
 v - 15 boomerangs (quivered)
Armour
 c - a +2 cloak (worn)
 e - a +2 pair of boots (worn)
 s - a +2 pair of gloves (worn)
 x - a +2 kite shield (worn)
 y - a +3 plate armour of cold resistance (worn)
Jewellery
 h - a +4 ring of evasion (right hand)
 k - a ring of fire
 q - a ring of fire
 t - a ring of poison resistance (left hand)
 u - an amulet of reflection (around neck)
 Y - a +4 ring of protection
Scrolls
 a - 12 scrolls of identify
 i - 15 scrolls of teleportation
Potions
 d - 5 potions of might
 j - 4 potions of mutation
 m - 3 potions of haste
 n - 11 potions of curing
 p - 2 potions of cancellation

Dungeon Overview and Level Annotations

Branches:
Dungeon (15/15)            Temple (0/1) D:4            Lair (5/5) D:8
  Swamp (0/4) Lair:3        Snake (1/4) Lair:3        Slime (0/5) Lair:5
    Orc (2/2) D:12            Elf (0/3) Orc:2        Vaults (0/5) D:14
 Depths (0/4) D:15

Altars:
Ashenzari
Hepliaklqana
Kikubaaqudgha
Makhleb
Nemelex Xobeh
Qazlal
Sif Muna
Uskayaw
Xom
Jiyva

Shops:
D:13 *   Orc:1 (   Orc:2 :*[(


Message History

You feel very sick. You block the sea snake's attack.
You barely miss the sea snake. Your headbutt misses the sea snake.
The sea snake is lightly wounded.
You feel very sick.
You slash the sea snake! You drain the sea snake.
The sea snake is heavily wounded.
You feel sick. The sea snake barely misses you. You furiously retaliate!
You headbutt the sea snake! You slash the sea snake! You drain the sea snake.
You kill the sea snake!
Trog accepts your kill.
You feel very sick.
You start resting.
You feel sick.
You feel a strong urge to attack something.
You feel very sick.
The electric eel shoots out a bolt of lightning at you!
The bolt of electricity hits you!
You start resting.
You feel sick.
You feel your anger nearly subside.
You are no longer berserk.
You are exhausted.
You feel yourself slow down.
You feel sick.
You feel very sick.
You feel sick.
The electric eel shoots out a bolt of lightning at you!
The bolt of electricity hits you.
27517 ||| READING 16 scrolls of teleportation.
As you read the scroll of teleportation, it crumbles to dust.
You feel strangely unstable.
You feel sick.
The electric eel shoots out a bolt of lightning at you!
The bolt of electricity hits you.
You feel sick.
You feel sick.
You are no longer poisoned.
The shock serpent shoots out a bolt of lightning at you!
The bolt of electricity hits you!
You die...

#~~~~~......
#.#~~~~~~~~~~~
#.#~~~.......~
#.#~~~.~~~~~.~
#.#~~~.~~~~~)~
#.##~~.~~~~~.~
#.# #~%~~~~~.~
#.####@%~~~~.S
#.!...$.~~~~.~
#<......~~S~.~
#.......#~~~.~
#..).$.(##~~.~
#$......# #~.~
#.####.... ...
#.# ###### .#
...


You could see a shock serpent and an electric eel.

Vanquished Creatures
  Frances (D:13)
  Kirke (Lair:4)
  2 orc warlords
  A stone giant (D:15)
  6 dire elephants (Lair:5)
  12 hydras
  A centaur warrior (D:13)
  A boulder beetle (D:14)
  2 dancing weapons (D:14)
  3 two-headed ogres
  Erica (D:11)
  6 tengu warriors
  3 orc high priests (Orc:2)
  15 death yaks
  Urug (Lair:2)
  Sonja (Lair:3)
  4 skeletal warriors (D:15)
  A spectral anaconda (Lair:5)
  3 sea snakes (Snake:1)
  Lodul (D:12)
  A lindwurm (Lair:5)
  4 orc knights
  A mana viper (Snake:1)
  3 orc sorcerers (Orc:2)
  4 necromancers (Lair:5)
  17 ugly things
  7 cyclopes
  4 manticores (D:15)
  30 elephants
  6 centaur zombies (D:15)
  11 black mambas
  A dire elephant zombie (Lair:5)
  2 gargoyles
  A torpor snail (Lair:3)
  15 cane toads
  A kobold demonologist (D:11)
  3 rime drakes
  12 komodo dragons
  5 trolls
  A spectral elephant (Lair:5)
  4 polar bears
  3 slime creatures (D:13)
  9 blink frogs
  6 dream sheep (Lair:5)
  A culicivora (shapeshifter) (D:15)
  7 wyverns
  35 yaks
  A shadow (D:12)
  2 wraiths
  2 vampires
  3 hogs (Lair:5)
  2 basilisks
  Grum (D:11)
  11 vampire mosquitoes
  2 death yak simulacra (Lair:5)
  A steam dragon (Lair:2)
  3 spectral cane toads (Lair:5)
  An acid dragon (D:11)
  11 water moccasins
  31 orc warriors
  An ice beast (D:6)
  4 black bears
  An elephant zombie (Lair:5)
  8 wolves
  A hornet zombie (D:15)
  8 ogres
  2 centaurs
  6 kobold brigands
  3 gnoll sergeants
  13 bullfrogs
  7 scorpions
  3 wights (D:6)
  6 killer bees (D:9)
  An elephant simulacrum (Lair:5)
  An electric eel (Snake:1)
  3 howler monkeys
  4 hounds
  A gnoll bouda (D:4)
  13 orc priests
  2 jellies
  24 orc wizards
  3 iguanas
  Robin (D:2)
  18 gnolls
  6 adders
  A white imp (D:6)
  3 worms
  2 dart slugs
  84 orcs
  6 ball pythons
  6 endoplasms
  5 giant cockroaches
  5 hobgoblins
  6 jackals
  5 quokkas
  5 bats
  2 frilled lizards (D:1)
  7 goblins
  33 kobolds
  3 rats (D:2)
644 creatures vanquished.

Vanquished Creatures (collateral kills)
  An obsidian statue (Lair:5)
  An orc knight (Orc:2)
  3 orc sorcerers (Orc:2)
  6 orc warriors
  3 orc priests (Orc:2)
  An orc wizard (Orc:2)
  3 orcs
18 creatures vanquished.

Vanquished Creatures (others)
  A wyvern (Lair:5)
  A human (Lair:5)
  An orc (Orc:2)
  38 fungi
  54 plants
  30 withered plants (Lair:5)
125 creatures vanquished.

Grand Total: 787 creatures vanquished

Notes
Turn   | Place    | Note
-------+----------+-------------------------------------------
     0 | D:1      | qw the Minotaur Berserker began the quest for the Orb.
     0 | D:1      | Reached XP level 1. HP: 19/19 MP: 0/0
     0 | D:1      | 0 ||| qw: Version: 0.1-a-119-g272c26d
     0 | D:1      | 0 ||| qw: Game counter: 10773
     0 | D:1      | 0 ||| qw: Always use a shield: true
     0 | D:1      | 0 ||| qw: Do Orc after D:15 true
     0 | D:1      | 0 ||| qw: Do second Lair branch before Depths: true
     0 | D:1      | 0 ||| qw: Lair rune preference: random
     0 | D:1      | 0 ||| qw: Plans: Normal
     0 | D:1      | 0 ||| PLANNING D:1-11
   101 | D:1      | 101 ||| INVOKING Berserk.
   304 | D:1      | Reached skill level 4 in Axes
   369 | D:1      | Reached XP level 2. HP: 26/26 MP: 1/1
   776 | D:1      | 776 ||| INVOKING Berserk.
  1004 | D:1      | Reached skill level 5 in Axes
  1036 | D:1      | Reached ** piety under Trog
  1037 | D:1      | Reached XP level 3. HP: 29/31 MP: 2/2
  1139 | D:1      | 1139 ||| UPGRADING to +0 cloak.
  1144 | D:1      | 1144 ||| UPGRADING to +0 ring mail.
  1154 | D:1      | 1154 ||| DROPPING +0 animal skin.
  1155 | D:1      | 1155 ||| UPGRADING to +0 chain mail.
  1165 | D:1      | 1165 ||| DROPPING +0 ring mail.
  1166 | D:1      | 1166 ||| UPGRADING to +4 ring of protection.
  1167 | D:1      | 1167 ||| READING scroll labelled TIMUUGHOSHRO.
  1168 | D:1      | 1168 ||| READING scroll labelled YZXOUS SEOXU.
  1169 | D:1      | 1169 ||| READING scroll labelled NITTEFA HIANK.
  1170 | D:1      | 1170 ||| READING 2 scrolls labelled ABBUBAROOL.
  1406 | D:2      | Identified the +6 sling "Beastbane" {flame, Str+4}
  1701 | D:2      | Found a faded altar of an unknown god.
  1883 | D:2      | Noticed Robin
  1885 | D:2      | 1885 ||| INVOKING Berserk.
  1889 | D:2      | Killed Robin
  2188 | D:2      | 2188 ||| UPGRADING to +2 pair of boots.
  2193 | D:2      | 2193 ||| UPGRADING to +4 ring of evasion.
  2194 | D:2      | 2194 ||| READING scroll labelled FICLA VIWIPPOW.
  2195 | D:2      | 2195 ||| DRINKING 3 red potions.
  2196 | D:2      | 2196 ||| READING scroll of teleportation.
  2238 | D:3      | Reached skill level 6 in Axes
  2238 | D:3      | Reached XP level 4. HP: 35/39 MP: 3/3
  2313 | D:3      | 2313 ||| Stepping ~*~*~tactically~*~*~ (hiding).
  2651 | D:3      | 2651 ||| INVOKING Berserk.
  2824 | D:3      | 2824 ||| Stepping ~*~*~tactically~*~*~ (hiding).
  2827 | D:3      | 2827 ||| INVOKING Berserk.
  2831 | D:3      | Reached skill level 7 in Axes
  2831 | D:3      | Reached XP level 5. HP: 45/45 MP: 4/4
  2964 | D:3      | 2964 ||| SWAPPING to +0 war axe.
  2965 | D:3      | 2965 ||| DROPPING +0 hand axe.
  3150 | D:3      | 3150 ||| DROPPING +0 whip.
  3193 | D:3      | 3193 ||| UPGRADING to amulet of the acrobat.
  3198 | D:3      | 3198 ||| DRINKING 2 glowing yellow potions.
  3229 | D:3      | 3229 ||| DROPPING potion of lignification.
  3283 | D:4      | Reached skill level 8 in Axes
  3283 | D:4      | Reached XP level 6. HP: 48/52 MP: 5/5
  3414 | D:4      | Found a staircase to the Ecumenical Temple.
  3736 | D:4      | 3736 ||| INVOKING Berserk.
  3741 | D:4      | Reached skill level 3 in Armour
  3854 | D:4      | 3854 ||| DROPPING +0 flail.
  3893 | D:4      | Reached *** piety under Trog
  3929 | D:4      | 3929 ||| Stepping ~*~*~tactically~*~*~ (stealth).
  3935 | D:4      | 3935 ||| Stepping ~*~*~tactically~*~*~ (stealth).
  3949 | D:4      | 3949 ||| READING scroll of enchant armour.
  3949 | D:4      | 3949 ||| ENCHANTING +0 cloak.
  3993 | D:4      | 3993 ||| Stepping ~*~*~tactically~*~*~ (hiding).
  3996 | D:4      | 3996 ||| INVOKING Berserk.
  4142 | D:4      | 4142 ||| READING scroll labelled QEIZUG UHANAT.
  4143 | D:4      | 4143 ||| DRINKING 2 fizzy ruby potions.
  4170 | D:4      | 4170 ||| Stepping ~*~*~tactically~*~*~ (stealth).
  4204 | D:5      | Entered Level 5 of the Dungeon
  4264 | D:5      | 4264 ||| Stepping ~*~*~tactically~*~*~ (hiding).
  4265 | D:5      | 4265 ||| Stepping ~*~*~tactically~*~*~ (hiding).
  4272 | D:5      | Reached skill level 9 in Axes
  4272 | D:5      | 4272 ||| INVOKING Berserk.
  4435 | D:5      | Found a shimmering altar of Xom.
  4436 | D:5      | Found a shimmering altar of Xom.
  4437 | D:5      | Found a shimmering altar of Xom.
  4438 | D:5      | Found a shimmering altar of Xom.
  4441 | D:5      | Found a shimmering altar of Xom.
  4460 | D:5      | Reached skill level 1 in Throwing
  4460 | D:5      | Reached XP level 7. HP: 60/60 MP: 6/6
  4568 | D:5      | 4568 ||| INVOKING Berserk.
  4714 | D:5      | Reached skill level 10 in Axes
  4744 | D:5      | 4744 ||| INVOKING Berserk.
  4757 | D:5      | Reached XP level 8. HP: 70/70 MP: 7/7
  4869 | D:5      | Reached skill level 6 in Fighting
  5300 | D:5      | 5300 ||| UPGRADING to +1 pair of gloves.
  5305 | D:5      | 5305 ||| DROPPING ring of protection from cold.
  5306 | D:5      | 5306 ||| DRINKING 2 golden potions.
  5307 | D:5      | 5307 ||| READING 3 scrolls of identify.
  5307 | D:5      | 5307 ||| IDENTIFYING emerald potion
  5308 | D:5      | 5308 ||| READING 2 scrolls of identify.
  5308 | D:5      | 5308 ||| IDENTIFYING amethyst potion
  5309 | D:5      | 5309 ||| DROPPING potion of flight.
  5367 | D:6      | Reached skill level 11 in Axes
  5523 | D:6      | 5523 ||| Stepping ~*~*~tactically~*~*~ (hiding).
  5525 | D:6      | 5525 ||| Stepping ~*~*~tactically~*~*~ (hiding).
  5526 | D:6      | 5526 ||| Stepping ~*~*~tactically~*~*~ (hiding).
  5527 | D:6      | 5527 ||| Stepping ~*~*~tactically~*~*~ (hiding).
  5686 | D:6      | 5686 ||| Stepping ~*~*~tactically~*~*~ (hiding).
  5687 | D:6      | 5687 ||| Stepping ~*~*~tactically~*~*~ (hiding).
  5820 | D:6      | Reached skill level 12 in Axes
  6049 | D:6      | Found a burning altar of Makhleb.
  6069 | D:6      | 6069 ||| FLEEEEING.
  6070 | D:6      | 6070 ||| FLEEEEING.
  6071 | D:6      | 6071 ||| FLEEEEING.
  6073 | D:6      | 6073 ||| FLEEEEING.
  6074 | D:6      | 6074 ||| FLEEEEING.
  6075 | D:6      | 6075 ||| FLEEEEING.
  6076 | D:6      | 6076 ||| FLEEEEING.
  6079 | D:6      | 6079 ||| FLEEEEING.
  6080 | D:6      | 6080 ||| FLEEEEING.
  6081 | D:6      | 6081 ||| FLEEEEING.
  6082 | D:6      | 6082 ||| FLEEEEING.
  6083 | D:6      | 6083 ||| FLEEEEING.
  6084 | D:6      | 6084 ||| FLEEEEING.
  6085 | D:6      | 6085 ||| FLEEEEING.
  6116 | D:6      | Found a sparkling altar of Nemelex Xobeh.
  6228 | D:6      | 6228 ||| READING 3 scrolls of identify.
  6228 | D:6      | 6228 ||| IDENTIFYING blue potion
  6229 | D:6      | 6229 ||| DROPPING potion of magic.
  6270 | D:7      | Reached XP level 9. HP: 71/79 MP: 8/8
  6340 | D:7      | 6340 ||| Stepping ~*~*~tactically~*~*~ (hiding).
  6496 | D:7      | Noticed a gargoyle
  6497 | D:7      | 6497 ||| Stepping ~*~*~tactically~*~*~ (hiding).
  6514 | D:7      | Killed a gargoyle
  6515 | D:7      | Reached skill level 13 in Axes
  6821 | D:7      | Noticed a two-headed ogre
  6825 | D:7      | 6825 ||| INVOKING Berserk.
  6826 | D:7      | Killed a two-headed ogre
  6937 | D:7      | 6937 ||| READING scroll of enchant armour.
  6937 | D:7      | 6937 ||| ENCHANTING +1 pair of gloves.
  7107 | D:7      | Found a stormy altar of Qazlal.
  7175 | D:7      | 7175 ||| READING scroll labelled CUUGAF KUEPT.
  7266 | D:8      | Found a hazy altar of Hepliaklqana.
  7428 | D:8      | Found a staircase to the Lair.
  7485 | D:8      | Reached skill level 3 in Dodging
  7704 | D:8      | 7704 ||| Stepping ~*~*~tactically~*~*~ (stealth).
  7706 | D:8      | 7706 ||| Stepping ~*~*~tactically~*~*~ (stealth).
  7710 | D:8      | 7710 ||| Stepping ~*~*~tactically~*~*~ (stealth).
  7790 | D:8      | Noticed a komodo dragon
  7794 | D:8      | 7794 ||| INVOKING Berserk.
  7798 | D:8      | Killed a komodo dragon
  7799 | D:8      | Reached XP level 10. HP: 88/88 MP: 9/9
  7995 | D:8      | 7995 ||| PLANNING LAIR
  7995 | D:8      | 7995 ||| READING scroll labelled LIMIABBATHA.
  7996 | D:8      | 7996 ||| READING 2 scrolls of identify.
  7996 | D:8      | 7996 ||| IDENTIFYING fizzy white potion
  7997 | D:8      | 7997 ||| DROPPING potion of attraction.
  8018 | Lair:1   | Entered Level 1 of the Lair of Beasts
  8055 | Lair:1   | Noticed a death yak
  8056 | Lair:1   | Noticed a death yak
  8056 | Lair:1   | 8056 ||| Stepping ~*~*~tactically~*~*~ (stealth).
  8059 | Lair:1   | Noticed a death yak
  8062 | Lair:1   | 8062 ||| INVOKING Berserk.
  8067 | Lair:1   | Killed a death yak
  8068 | Lair:1   | Reached skill level 14 in Axes
  8074 | Lair:1   | Killed a death yak
  8076 | Lair:1   | Killed a death yak
  8077 | Lair:1   | Reached skill level 15 in Axes
  8318 | Lair:1   | 8318 ||| INVOKING Berserk.
  8321 | Lair:1   | Reached skill level 9 in Fighting
  8430 | Lair:1   | Noticed a cane toad
  8433 | Lair:1   | 8433 ||| INVOKING Berserk.
  8436 | Lair:1   | Killed a cane toad
  8623 | Lair:1   | 8623 ||| INVOKING Berserk.
  8626 | Lair:1   | Reached skill level 16 in Axes
  8746 | Lair:1   | 8746 ||| INVOKING Berserk.
  8748 | Lair:1   | Noticed an eight-headed hydra
  8758 | Lair:1   | Killed a 14-headed hydra
  8759 | Lair:1   | Reached XP level 11. HP: 99/99 MP: 10/10
  8915 | Lair:1   | 8915 ||| INVOKING Berserk.
  9036 | Lair:1   | 9036 ||| INVOKING Berserk.
  9165 | Lair:1   | Noticed a five-headed hydra
  9168 | Lair:1   | 9168 ||| SWAPPING to +0 morningstar.
  9170 | Lair:1   | 9170 ||| INVOKING Berserk.
  9175 | Lair:1   | Killed a five-headed hydra
  9176 | Lair:1   | Reached skill level 3 in Throwing
  9203 | Lair:1   | 9203 ||| SWAPPING to +1 war axe.
  9454 | Lair:1   | 9454 ||| INVOKING Berserk.
  9838 | Lair:1   | 9838 ||| UPGRADING to +2 buckler.
  9843 | Lair:1   | 9843 ||| UPGRADING to amulet of reflection.
  9853 | Lair:1   | 9853 ||| DROPPING amulet of the acrobat.
  9854 | Lair:1   | 9854 ||| READING scroll labelled GECLYG PIENN.
  9855 | Lair:1   | 9855 ||| DRINKING 3 orange potions.
  9886 | Lair:2   | 9886 ||| INVOKING Berserk.
  9889 | Lair:2   | Reached skill level 1 in Shields
  9966 | Lair:2   | 9966 ||| DRINKING 2 potions of cancellation.
  9976 | Lair:2   | 9976 ||| DRINKING potion of cancellation.
 10058 | Lair:2   | Noticed Urug
 10062 | Lair:2   | 10062 ||| FLEEEEING.
 10063 | Lair:2   | 10063 ||| FLEEEEING.
 10064 | Lair:2   | 10064 ||| FLEEEEING.
 10065 | Lair:2   | 10065 ||| FLEEEEING.
 10066 | Lair:2   | 10066 ||| FLEEEEING.
 10067 | Lair:2   | 10067 ||| FLEEEEING.
 10071 | Lair:2   | 10071 ||| FLEEEEING.
 10072 | Lair:2   | 10072 ||| STAIRDANCE
 10113 | Lair:2   | 10113 ||| INVOKING Berserk.
 10115 | Lair:2   | Killed Urug
 10127 | Lair:2   | 10127 ||| STAIRDANCE
 10233 | Lair:2   | 10233 ||| SWAPPING to +0 broad axe of draining.
 10234 | Lair:2   | 10234 ||| DROPPING +1 war axe.
 10347 | Lair:2   | 10347 ||| INVOKING Berserk.
 10521 | Lair:2   | 10521 ||| INVOKING Berserk.
 10650 | Lair:2   | 10650 ||| Stepping ~*~*~tactically~*~*~ (stealth).
 10651 | Lair:2   | 10651 ||| Stepping ~*~*~tactically~*~*~ (stealth).
 10652 | Lair:2   | 10652 ||| Stepping ~*~*~tactically~*~*~ (stealth).
 10653 | Lair:2   | 10653 ||| Stepping ~*~*~tactically~*~*~ (stealth).
 10654 | Lair:2   | 10654 ||| Stepping ~*~*~tactically~*~*~ (stealth).
 10655 | Lair:2   | 10655 ||| Stepping ~*~*~tactically~*~*~ (stealth).
 10660 | Lair:2   | Reached skill level 6 in Shields
 10694 | Lair:2   | 10694 ||| READING scroll of enchant weapon.
 10694 | Lair:2   | 10694 ||| ENCHANTING +0 broad axe of draining.
 10769 | Lair:2   | 10769 ||| INVOKING Berserk.
 10778 | Lair:2   | 10778 ||| Stepping ~*~*~tactically~*~*~ (cloud).
 10920 | Lair:2   | 10920 ||| INVOKING Berserk.
 11241 | Lair:2   | 11241 ||| UPGRADING to +2 chain mail of willpower.
 11251 | Lair:2   | 11251 ||| DROPPING +0 chain mail.
 11252 | Lair:2   | 11252 ||| READING scroll labelled DINAOT KIECKU.
 11253 | Lair:2   | 11253 ||| READING scroll labelled POIPLU EZONUKK.
 11254 | Lair:2   | 11254 ||| READING 2 scrolls of identify.
 11254 | Lair:2   | 11254 ||| IDENTIFYING fizzy pink potion
 11255 | Lair:2   | 11255 ||| DROPPING potion of degeneration.
 11303 | Lair:3   | 11303 ||| Stepping ~*~*~tactically~*~*~ (stealth).
 11326 | Lair:3   | Reached skill level 17 in Axes
 11391 | Lair:3   | 11391 ||| INVOKING Berserk.
 11576 | Lair:3   | 11576 ||| INVOKING Berserk.
 11723 | Lair:3   | 11723 ||| INVOKING Berserk.
 11727 | Lair:3   | Reached XP level 12. HP: 106/106 MP: 11/11
 11736 | Lair:3   | 11736 ||| FLEEEEING.
 11850 | Lair:3   | 11850 ||| Stepping ~*~*~tactically~*~*~ (stealth).
 11859 | Lair:3   | 11859 ||| Stepping ~*~*~tactically~*~*~ (stealth).
 11863 | Lair:3   | 11863 ||| Stepping ~*~*~tactically~*~*~ (stealth).
 11865 | Lair:3   | 11865 ||| INVOKING Berserk.
 11934 | Lair:3   | 11934 ||| Stepping ~*~*~tactically~*~*~ (stealth).
 11941 | Lair:3   | Reached skill level 18 in Axes
 12090 | Lair:3   | 12090 ||| FLEEEEING.
 12091 | Lair:3   | 12091 ||| FLEEEEING.
 12096 | Lair:3   | 12096 ||| STAIRDANCE
 12202 | Lair:3   | 12202 ||| INVOKING Berserk.
 12205 | Lair:3   | Noticed a seven-headed hydra
 12215 | Lair:3   | Killed a 12-headed hydra
 12216 | Lair:3   | Reached skill level 9 in Armour
 12302 | Lair:3   | 12302 ||| INVOKING Berserk.
 12423 | Lair:3   | Noticed a five-headed hydra
 12424 | Lair:3   | 12424 ||| Stepping ~*~*~tactically~*~*~ (stealth).
 12435 | Lair:3   | Found a staircase to the Snake Pit.
 12486 | Lair:3   | 12486 ||| SWAPPING to +0 morningstar.
 12488 | Lair:3   | 12488 ||| INVOKING Berserk.
 12490 | Lair:3   | Killed a five-headed hydra
 12500 | Lair:3   | 12500 ||| SWAPPING to +1 broad axe of draining.
 12520 | Lair:3   | 12520 ||| Stepping ~*~*~tactically~*~*~ (stealth).
 12521 | Lair:3   | 12521 ||| Stepping ~*~*~tactically~*~*~ (stealth).
 12523 | Lair:3   | 12523 ||| Stepping ~*~*~tactically~*~*~ (stealth).
 12742 | Lair:3   | Noticed a six-headed hydra
 12745 | Lair:3   | 12745 ||| SWAPPING to +0 morningstar.
 12747 | Lair:3   | 12747 ||| INVOKING Berserk.
 12748 | Lair:3   | Killed a six-headed hydra
 12753 | Lair:3   | 12753 ||| SWAPPING to +1 broad axe of draining.
 12765 | Lair:3   | Reached skill level 12 in Fighting
 12888 | Lair:3   | Found a staircase to the Swamp.
 13102 | Lair:3   | 13102 ||| DROPPING +6 ring of strength.
 13186 | Lair:4   | 13186 ||| INVOKING Berserk.
 13198 | Lair:4   | 13198 ||| Stepping ~*~*~tactically~*~*~ (stealth).
 13342 | Lair:4   | 13342 ||| READING scroll of enchant weapon.
 13342 | Lair:4   | 13342 ||| ENCHANTING +1 broad axe of draining.
 13446 | Lair:4   | 13446 ||| INVOKING Berserk.
 13712 | Lair:4   | Noticed Sonja
 13716 | Lair:4   | 13716 ||| FLEEEEING.
 13717 | Lair:4   | 13717 ||| STAIRDANCE
 13781 | Lair:3   | 13781 ||| DROPPING amulet of regeneration.
 13782 | Lair:3   | 13782 ||| READING 2 scrolls labelled JERU XOIXTARCH.
 13783 | Lair:3   | 13783 ||| READING 5 scrolls of identify.
 13783 | Lair:3   | 13783 ||| IDENTIFYING brown potion
 13784 | Lair:3   | 13784 ||| DROPPING scroll of vulnerability.
 13785 | Lair:3   | 13785 ||| DROPPING potion of ambrosia.
 13788 | Lair:4   | 13788 ||| STAIRDANCE
 13790 | Lair:3   | 13790 ||| INVOKING Berserk.
 13799 | Lair:3   | Killed Sonja
 13950 | Lair:4   | 13950 ||| Stepping ~*~*~tactically~*~*~ (stealth).
 14188 | Lair:4   | Noticed a death yak
 14188 | Lair:4   | Noticed a death yak
 14190 | Lair:4   | Noticed a death yak
 14190 | Lair:4   | Noticed a death yak
 14191 | Lair:4   | 14191 ||| Stepping ~*~*~tactically~*~*~ (stealth).
 14192 | Lair:4   | 14192 ||| Stepping ~*~*~tactically~*~*~ (stealth).
 14193 | Lair:4   | 14193 ||| INVOKING Berserk.
 14199 | Lair:4   | Killed a death yak
 14205 | Lair:4   | Noticed a death yak
 14206 | Lair:4   | Killed a death yak
 14207 | Lair:4   | Reached XP level 13. HP: 119/119 MP: 12/12
 14214 | Lair:4   | 14214 ||| Stepping ~*~*~tactically~*~*~ (stealth).
 14227 | Lair:4   | Reached skill level 6 in Dodging
 14443 | Lair:5   | Entered Level 5 of the Lair of Beasts
 14446 | Lair:5   | 14446 ||| STAIRDANCE
 14448 | Lair:5   | 14448 ||| SWAPPING to +0 morningstar.
 14449 | Lair:5   | 14449 ||| Stepping ~*~*~tactically~*~*~ (outnumbered).
 14451 | Lair:5   | 14451 ||| INVOKING Berserk.
 14471 | Lair:5   | Reached skill level 6 in Throwing
 14483 | Lair:5   | 14483 ||| SWAPPING to +2 broad axe of draining.
 14491 | Lair:5   | Reached skill level 9 in Shields
 14512 | Lair:5   | Noticed Kirke
 14513 | Lair:5   | 14513 ||| FLEEEEING.
 14514 | Lair:5   | 14514 ||| FLEEEEING.
 14515 | Lair:5   | 14515 ||| FLEEEEING.
 14516 | Lair:5   | 14516 ||| STAIRDANCE
 14622 | Lair:5   | 14622 ||| STAIRDANCE
 14624 | Lair:4   | 14624 ||| INVOKING Trog's Hand.
 14625 | Lair:4   | 14625 ||| INVOKING Berserk.
 14632 | Lair:4   | Killed Kirke
 14740 | Lair:5   | 14740 ||| Stepping ~*~*~tactically~*~*~ (stealth).
 14742 | Lair:5   | Found a staircase to the Slime Pits.
 14747 | Lair:5   | Found a viscous altar of Jiyva.
 14760 | Lair:5   | 14760 ||| Stepping ~*~*~tactically~*~*~ (stealth).
 14771 | Lair:5   | 14771 ||| Stepping ~*~*~tactically~*~*~ (stealth).
 14809 | Lair:5   | 14809 ||| Stepping ~*~*~tactically~*~*~ (stealth).
 14866 | Lair:5   | Reached **** piety under Trog
 14886 | Lair:5   | 14886 ||| INVOKING Berserk.
 15079 | Lair:5   | Reached skill level 12 in Armour
 15115 | Lair:5   | 15115 ||| Stepping ~*~*~tactically~*~*~ (stealth).
 15118 | Lair:5   | 15118 ||| Stepping ~*~*~tactically~*~*~ (stealth).
 15119 | Lair:5   | 15119 ||| INVOKING Berserk.
 15176 | Lair:5   | Reached skill level 15 in Fighting
 15187 | Lair:5   | Reached XP level 14. HP: 114/135 MP: 13/13
 15187 | Lair:5   | 15187 ||| INVOKING Brothers in Arms.
 15188 | Lair:5   | 15188 ||| INVOKING Brothers in Arms.
 15189 | Lair:5   | 15189 ||| INVOKING Brothers in Arms.
 15190 | Lair:5   | 15190 ||| INVOKING Brothers in Arms.
 15191 | Lair:5   | 15191 ||| SWAPPING to +0 morningstar.
 15199 | Lair:5   | 15199 ||| SWAPPING to +2 broad axe of draining.
 15401 | Lair:5   | 15401 ||| INVOKING Berserk.
 16152 | Lair:5   | 16152 ||| INVOKING Berserk.
 16240 | Lair:5   | 16240 ||| Stepping ~*~*~tactically~*~*~ (stealth).
 16241 | Lair:5   | 16241 ||| Stepping ~*~*~tactically~*~*~ (stealth).
 16259 | Lair:5   | 16259 ||| INVOKING Berserk.
 16536 | Lair:5   | 16536 ||| INVOKING Brothers in Arms.
 16552 | Lair:5   | 16552 ||| DROPPING +0 morningstar.
 16619 | Lair:5   | 16619 ||| Stepping ~*~*~tactically~*~*~ (water).
 16620 | Lair:5   | 16620 ||| INVOKING Berserk.
 17150 | Lair:5   | 17150 ||| INVOKING Brothers in Arms.
 17152 | Lair:5   | 17152 ||| SWAPPING to +0 demon whip of draining.
 17153 | Lair:5   | 17153 ||| INVOKING Berserk.
 17162 | Lair:5   | 17162 ||| SWAPPING to +2 broad axe of draining.
 17379 | Lair:5   | 17379 ||| PLANNING D:1-11
 17379 | Lair:5   | 17379 ||| DROPPING +1 pair of boots.
 17380 | Lair:5   | 17380 ||| DROPPING amulet of guardian spirit.
 17381 | Lair:5   | 17381 ||| DROPPING ring of positive energy.
 17382 | Lair:5   | 17382 ||| READING scroll labelled JESHRA RUASAXA.
 17849 | D:9      | 17849 ||| Stepping ~*~*~tactically~*~*~ (stealth).
 17863 | D:9      | 17863 ||| Stepping ~*~*~tactically~*~*~ (stealth).
 17865 | D:9      | 17865 ||| Stepping ~*~*~tactically~*~*~ (stealth).
 17868 | D:9      | 17868 ||| Stepping ~*~*~tactically~*~*~ (stealth).
 17881 | D:9      | 17881 ||| READING scroll of enchant weapon.
 17881 | D:9      | 17881 ||| ENCHANTING +2 broad axe of draining.
 17937 | D:9      | 17937 ||| Stepping ~*~*~tactically~*~*~ (stealth).
 17947 | D:9      | 17947 ||| Stepping ~*~*~tactically~*~*~ (hiding).
 17949 | D:9      | 17949 ||| Stepping ~*~*~tactically~*~*~ (hiding).
 17956 | D:9      | 17956 ||| Stepping ~*~*~tactically~*~*~ (hiding).
 18059 | D:9      | 18059 ||| UPGRADING to +0 kite shield.
 18060 | D:9      | 18060 ||| UPGRADING to +0 kite shield.
 18070 | D:9      | 18070 ||| DROPPING +2 buckler.
 18071 | D:9      | 18071 ||| READING 8 scrolls of teleportation.
 18090 | D:9      | 18090 ||| DRINKING 11 potions of curing.
 18090 | D:9      | 18090 ||| (to cure confusion)
 18095 | D:9      | 18095 ||| Stepping ~*~*~tactically~*~*~ (hiding).
 18098 | D:9      | 18098 ||| Stepping ~*~*~tactically~*~*~ (hiding).
 18169 | D:9      | 18169 ||| FLEEEEING.
 18170 | D:9      | 18170 ||| FLEEEEING.
 18171 | D:9      | 18171 ||| FLEEEEING.
 18172 | D:9      | 18172 ||| FLEEEEING.
 18173 | D:9      | 18173 ||| FLEEEEING.
 18174 | D:9      | 18174 ||| FLEEEEING.
 18175 | D:9      | 18175 ||| FLEEEEING.
 18176 | D:9      | 18176 ||| FLEEEEING.
 18177 | D:9      | 18177 ||| FLEEEEING.
 18178 | D:9      | 18178 ||| FLEEEEING.
 18179 | D:9      | 18179 ||| FLEEEEING.
 18180 | D:9      | 18180 ||| FLEEEEING.
 18181 | D:9      | 18181 ||| FLEEEEING.
 18354 | D:9      | 18354 ||| Stepping ~*~*~tactically~*~*~ (stealth).
 18356 | D:9      | 18356 ||| Stepping ~*~*~tactically~*~*~ (hiding).
 18600 | D:10     | Entered Level 10 of the Dungeon
 18688 | D:10     | Reached ***** piety under Trog
 18738 | D:10     | Found a broken altar of Ashenzari.
 18750 | D:10     | Found a shimmering blue altar of Sif Muna.
 18784 | D:10     | 18784 ||| Stepping ~*~*~tactically~*~*~ (stealth).
 18800 | D:10     | Found an ancient bone altar of Kikubaaqudgha.
 18960 | D:10     | 18960 ||| Stepping ~*~*~tactically~*~*~ (stealth).
 19068 | D:10     | 19068 ||| READING scroll of enchant weapon.
 19068 | D:10     | 19068 ||| ENCHANTING +3 broad axe of draining.
 19271 | D:10     | 19271 ||| Stepping ~*~*~tactically~*~*~ (stealth).
 19276 | D:10     | 19276 ||| Stepping ~*~*~tactically~*~*~ (stealth).
 19287 | D:10     | 19287 ||| Stepping ~*~*~tactically~*~*~ (stealth).
 19288 | D:10     | 19288 ||| Stepping ~*~*~tactically~*~*~ (stealth).
 19379 | D:10     | Found a hide-covered altar of Uskayaw.
 19477 | D:10     | 19477 ||| READING scroll labelled ITEBLI KIOXTUA.
 19578 | D:10     | 19578 ||| READING scroll labelled EGEGAB ZECS.
 19594 | D:11     | 19594 ||| STAIRDANCE
 19689 | D:11     | Noticed Erica
 19690 | D:11     | Noticed Grum
 19690 | D:11     | 19690 ||| INVOKING Brothers in Arms.
 19691 | D:11     | 19691 ||| INVOKING Brothers in Arms.
 19694 | D:11     | 19694 ||| INVOKING Brothers in Arms.
 19698 | D:11     | 19698 ||| INVOKING Berserk.
 19706 | D:11     | Killed Grum
 19714 | D:11     | Killed Erica
 19787 | D:11     | 19787 ||| READING scroll of enchant weapon.
 19787 | D:11     | 19787 ||| ENCHANTING +4 broad axe of draining.
 20075 | D:11     | 20075 ||| Stepping ~*~*~tactically~*~*~ (hiding).
 20092 | D:11     | 20092 ||| Stepping ~*~*~tactically~*~*~ (stealth).
 20095 | D:11     | 20095 ||| Stepping ~*~*~tactically~*~*~ (stealth).
 20097 | D:11     | 20097 ||| Stepping ~*~*~tactically~*~*~ (stealth).
 20100 | D:11     | 20100 ||| Stepping ~*~*~tactically~*~*~ (stealth).
 20146 | D:11     | 20146 ||| Stepping ~*~*~tactically~*~*~ (stealth).
 20274 | D:11     | Found the +7 staff of the Meek {protect, meekguard}
 20279 | D:11     | Reached skill level 12 in Shields
 20457 | D:11     | Found the +18 Lear's hauberk
 20711 | D:11     | 20711 ||| PLANNING D
 20828 | D:12     | Found a staircase to the Orcish Mines.
 20829 | D:12     | 20829 ||| Stepping ~*~*~tactically~*~*~ (hiding).
 20904 | D:12     | 20904 ||| READING scroll of enchant armour.
 20904 | D:12     | 20904 ||| ENCHANTING +1 cloak.
 21000 | D:12     | 21000 ||| Stepping ~*~*~tactically~*~*~ (stealth).
 21161 | D:12     | 21161 ||| Stepping ~*~*~tactically~*~*~ (stealth).
 21165 | D:12     | 21165 ||| Stepping ~*~*~tactically~*~*~ (stealth).
 21179 | D:12     | Noticed Lodul
 21180 | D:12     | 21180 ||| Stepping ~*~*~tactically~*~*~ (stealth).
 21182 | D:12     | 21182 ||| Stepping ~*~*~tactically~*~*~ (hiding).
 21184 | D:12     | 21184 ||| INVOKING Brothers in Arms.
 21189 | D:12     | 21189 ||| INVOKING Berserk.
 21194 | D:12     | Killed Lodul
 21273 | D:12     | 21273 ||| DROPPING scarf of invisibility.
 21274 | D:12     | 21274 ||| DROPPING amulet of magic regeneration.
 21275 | D:12     | 21275 ||| UPGRADING to ring of poison resistance.
 21277 | D:12     | 21277 ||| DROPPING ring of willpower.
 21278 | D:12     | 21278 ||| READING 12 scrolls of identify.
 21278 | D:12     | 21278 ||| IDENTIFYING smoky sapphire potion
 21279 | D:12     | 21279 ||| DROPPING potion of berserk rage.
 21310 | D:13     | Found Poowius's Demolitions Depot.
 21525 | D:13     | Noticed Frances
 21526 | D:13     | 21526 ||| INVOKING Brothers in Arms.
 21531 | D:13     | 21531 ||| INVOKING Berserk.
 21539 | D:13     | Killed Frances
 21540 | D:13     | Reached XP level 15. HP: 144/144 MP: 14/14
 21731 | D:13     | 21731 ||| INVOKING Brothers in Arms.
 21732 | D:13     | 21732 ||| INVOKING Brothers in Arms.
 21733 | D:13     | 21733 ||| SWAPPING to +0 demon whip of draining.
 21734 | D:13     | 21734 ||| INVOKING Berserk.
 21745 | D:13     | 21745 ||| SWAPPING to +5 broad axe of draining.
 22002 | D:13     | 22002 ||| Stepping ~*~*~tactically~*~*~ (hiding).
 22004 | D:13     | 22004 ||| Stepping ~*~*~tactically~*~*~ (hiding).
 22162 | D:13     | 22162 ||| READING 11 scrolls of identify.
 22162 | D:13     | 22162 ||| IDENTIFYING bubbling green potion
 22163 | D:13     | 22163 ||| DROPPING potion of brilliance.
 22313 | D:14     | 22313 ||| Stepping ~*~*~tactically~*~*~ (stealth).
 22317 | D:14     | 22317 ||| Stepping ~*~*~tactically~*~*~ (stealth).
 22318 | D:14     | 22318 ||| Stepping ~*~*~tactically~*~*~ (stealth).
 22323 | D:14     | 22323 ||| Stepping ~*~*~tactically~*~*~ (stealth).
 22324 | D:14     | 22324 ||| Stepping ~*~*~tactically~*~*~ (stealth).
 22325 | D:14     | 22325 ||| Stepping ~*~*~tactically~*~*~ (stealth).
 22535 | D:14     | Found a gate to the Vaults.
 22721 | D:14     | 22721 ||| Stepping ~*~*~tactically~*~*~ (stealth).
 22728 | D:14     | 22728 ||| INVOKING Berserk.
 23079 | D:14     | 23079 ||| SWAPPING to +0 demon whip of draining.
 23080 | D:14     | 23080 ||| INVOKING Berserk.
 23088 | D:14     | 23088 ||| SWAPPING to +5 broad axe of draining.
 23312 | D:14     | Reached skill level 15 in Shields
 23416 | D:14     | 23416 ||| UPGRADING to +2 kite shield.
 23426 | D:14     | 23426 ||| DROPPING +0 kite shield.
 23427 | D:14     | 23427 ||| READING 11 scrolls of identify.
 23427 | D:14     | 23427 ||| IDENTIFYING fuming black potion
 23428 | D:14     | 23428 ||| DROPPING potion of invisibility.
 23450 | D:15     | Entered Level 15 of the Dungeon
 23456 | D:15     | 23456 ||| Stepping ~*~*~tactically~*~*~ (hiding).
 23603 | D:15     | 23603 ||| INVOKING Berserk.
 23802 | D:15     | 23802 ||| Stepping ~*~*~tactically~*~*~ (stealth).
 23841 | D:15     | 23841 ||| Stepping ~*~*~tactically~*~*~ (hiding).
 24094 | D:15     | 24094 ||| INVOKING Brothers in Arms.
 24095 | D:15     | 24095 ||| SWAPPING to +0 demon whip of draining.
 24096 | D:15     | 24096 ||| INVOKING Berserk.
 24113 | D:15     | 24113 ||| SWAPPING to +5 broad axe of draining.
 24258 | D:15     | 24258 ||| Stepping ~*~*~tactically~*~*~ (hiding).
 24259 | D:15     | 24259 ||| Stepping ~*~*~tactically~*~*~ (hiding).
 24260 | D:15     | 24260 ||| Stepping ~*~*~tactically~*~*~ (hiding).
 24401 | D:15     | 24401 ||| SWAPPING to +0 demon whip of draining.
 24402 | D:15     | 24402 ||| INVOKING Berserk.
 24409 | D:15     | 24409 ||| SWAPPING to +5 broad axe of draining.
 24560 | D:15     | 24560 ||| INVOKING Berserk.
 24689 | D:15     | 24689 ||| INVOKING Berserk.
 24830 | D:15     | 24830 ||| INVOKING Berserk.
 25124 | D:15     | 25124 ||| FLEEEEING.
 25125 | D:15     | 25125 ||| FLEEEEING.
 25126 | D:15     | 25126 ||| FLEEEEING.
 25127 | D:15     | 25127 ||| FLEEEEING.
 25128 | D:15     | 25128 ||| FLEEEEING.
 25129 | D:15     | 25129 ||| FLEEEEING.
 25134 | D:15     | 25134 ||| FLEEEEING.
 25136 | D:15     | 25136 ||| FLEEEEING.
 25137 | D:15     | 25137 ||| FLEEEEING.
 25139 | D:15     | 25139 ||| Stepping ~*~*~tactically~*~*~ (hiding).
 25140 | D:15     | 25140 ||| Stepping ~*~*~tactically~*~*~ (hiding).
 25219 | D:15     | 25219 ||| INVOKING Berserk.
 25272 | D:15     | Found a staircase to the Depths.
 25405 | D:15     | 25405 ||| PLANNING ORC
 25479 | Orc:1    | Entered Level 1 of the Orcish Mines
 25522 | Orc:1    | 25522 ||| Stepping ~*~*~tactically~*~*~ (stealth).
 25523 | Orc:1    | 25523 ||| Stepping ~*~*~tactically~*~*~ (stealth).
 25532 | Orc:1    | 25532 ||| Stepping ~*~*~tactically~*~*~ (stealth).
 25627 | Orc:1    | Found Yjebuamm's Antique Weapon Shoppe.
 25666 | Orc:1    | 25666 ||| Stepping ~*~*~tactically~*~*~ (stealth).
 25687 | Orc:1    | 25687 ||| DROPPING +0 demon whip of draining.
 25696 | Orc:1    | 25696 ||| Stepping ~*~*~tactically~*~*~ (stealth).
 25701 | Orc:1    | 25701 ||| Stepping ~*~*~tactically~*~*~ (stealth).
 25722 | Orc:1    | 25722 ||| INVOKING Berserk.
 25936 | Orc:2    | Entered Level 2 of the Orcish Mines
 26028 | Orc:2    | 26028 ||| Stepping ~*~*~tactically~*~*~ (hiding).
 26030 | Orc:2    | 26030 ||| Stepping ~*~*~tactically~*~*~ (hiding).
 26031 | Orc:2    | 26031 ||| INVOKING Trog's Hand.
 26034 | Orc:2    | 26034 ||| INVOKING Berserk.
 26191 | Orc:2    | Found a staircase to the Elven Halls.
 26262 | Orc:2    | 26262 ||| Stepping ~*~*~tactically~*~*~ (hiding).
 26264 | Orc:2    | 26264 ||| Stepping ~*~*~tactically~*~*~ (hiding).
 26286 | Orc:2    | 26286 ||| INVOKING Trog's Hand.
 26287 | Orc:2    | 26287 ||| INVOKING Berserk.
 26295 | Orc:2    | Noticed an orc warlord
 26314 | Orc:2    | 26314 ||| INVOKING Trog's Hand.
 26315 | Orc:2    | 26315 ||| INVOKING Brothers in Arms.
 26318 | Orc:2    | Killed an orc warlord
 26322 | Orc:2    | HP: 29/147 [orc sorcerer/bolt of fire (18)]
 26322 | Orc:2    | HP: 14/147 [orc priest/divine providence (15)]
 26323 | Orc:2    | 26323 ||| READING 18 scrolls of teleportation.
 26324 | Orc:2    | 26324 ||| DRINKING 4 potions of heal wounds.
 26325 | Orc:2    | 26325 ||| DRINKING 3 potions of heal wounds.
 26327 | Orc:2    | 26327 ||| INVOKING Brothers in Arms.
 26329 | Orc:2    | HP: 34/147 [orc warrior/+0 trident (6)]
 26330 | Orc:2    | 26330 ||| READING 17 scrolls of teleportation.
 26331 | Orc:2    | 26331 ||| DRINKING 2 potions of heal wounds.
 26331 | Orc:2    | HP: 15/141 [orc sorcerer/bolt of negative energy (23)]
 26332 | Orc:2    | 26332 ||| DRINKING potion of heal wounds.
 26366 | Orc:2    | 26366 ||| INVOKING Berserk.
 26377 | Orc:2    | 26377 ||| INVOKING Brothers in Arms.
 26378 | Orc:2    | 26378 ||| INVOKING Brothers in Arms.
 26380 | Orc:2    | 26380 ||| INVOKING Trog's Hand.
 26485 | Orc:2    | 26485 ||| FLEEEEING.
 26486 | Orc:2    | 26486 ||| FLEEEEING.
 26487 | Orc:2    | 26487 ||| FLEEEEING.
 26488 | Orc:2    | 26488 ||| FLEEEEING.
 26489 | Orc:2    | 26489 ||| FLEEEEING.
 26490 | Orc:2    | 26490 ||| FLEEEEING.
 26491 | Orc:2    | 26491 ||| FLEEEEING.
 26492 | Orc:2    | 26492 ||| FLEEEEING.
 26493 | Orc:2    | 26493 ||| FLEEEEING.
 26494 | Orc:2    | 26494 ||| FLEEEEING.
 26495 | Orc:2    | 26495 ||| FLEEEEING.
 26496 | Orc:2    | 26496 ||| FLEEEEING.
 26497 | Orc:2    | 26497 ||| FLEEEEING.
 26498 | Orc:2    | 26498 ||| FLEEEEING.
 26499 | Orc:2    | 26499 ||| FLEEEEING.
 26500 | Orc:2    | 26500 ||| FLEEEEING.
 26501 | Orc:2    | 26501 ||| FLEEEEING.
 26503 | Orc:2    | 26503 ||| FLEEEEING.
 26504 | Orc:2    | 26504 ||| FLEEEEING.
 26505 | Orc:2    | 26505 ||| FLEEEEING.
 26506 | Orc:2    | 26506 ||| FLEEEEING.
 26507 | Orc:2    | 26507 ||| FLEEEEING.
 26508 | Orc:2    | 26508 ||| FLEEEEING.
 26509 | Orc:2    | 26509 ||| FLEEEEING.
 26510 | Orc:2    | 26510 ||| STAIRDANCE
 26824 | Orc:2    | 26824 ||| Stepping ~*~*~tactically~*~*~ (stealth).
 26855 | Orc:2    | Found Zanir's Antique Armour Boutique.
 26856 | Orc:2    | Found Luceg Mui's Antique Weapon Boutique.
 26858 | Orc:2    | Found Xeqedd's General Store.
 26858 | Orc:2    | Found Ontor's Book Shop.
 26862 | Orc:2    | 26862 ||| BUYING scroll of enchant weapon (105 gold).
 26862 | Orc:2    | Bought a scroll of enchant weapon for 105 gold pieces
 26862 | Orc:2    | 26862 ||| READING scroll of enchant weapon.
 26862 | Orc:2    | 26862 ||| ENCHANTING +5 broad axe of draining.
 26873 | Orc:2    | 26873 ||| BUYING pair of glowing gloves (225 gold).
 26873 | Orc:2    | Bought a pair of glowing gloves for 225 gold pieces
 26873 | Orc:2    | 26873 ||| BUYING runed plate armour (780 gold).
 26873 | Orc:2    | Bought a runed plate armour for 780 gold pieces
 27034 | Orc:2    | 27034 ||| UPGRADING to +3 plate armour.
 27044 | Orc:2    | 27044 ||| DROPPING +2 chain mail of willpower.
 27045 | Orc:2    | 27045 ||| DROPPING +0 plate armour.
 27046 | Orc:2    | 27046 ||| DROPPING +1 pair of gloves.
 27047 | Orc:2    | 27047 ||| UPGRADING to +2 plate armour of cold resistance.
 27057 | Orc:2    | 27057 ||| READING scroll of enchant armour.
 27057 | Orc:2    | 27057 ||| ENCHANTING +2 plate armour of cold resistance.
 27058 | Orc:2    | 27058 ||| DROPPING +3 plate armour.
 27089 | Orc:1    | Noticed an orc warlord
 27093 | Orc:1    | 27093 ||| INVOKING Brothers in Arms.
 27094 | Orc:1    | 27094 ||| INVOKING Brothers in Arms.
 27101 | Orc:1    | 27101 ||| INVOKING Berserk.
 27107 | Orc:1    | Killed an orc warlord
 27108 | Orc:1    | Reached XP level 16. HP: 157/157 MP: 15/15
 27265 | Orc:1    | 27265 ||| PLANNING SNAKE:1-3
 27472 | Snake:1  | Entered Level 1 of the Snake Pit
 27501 | Snake:1  | 27501 ||| INVOKING Berserk.
 27505 | Snake:1  | HP: 58/235 [poisoned by a sea snake]
 27510 | Snake:1  | HP: 44/235 [poisoned by a sea snake]
 27514 | Snake:1  | HP: 17/157 [poisoned by a sea snake]
 27517 | Snake:1  | 27517 ||| READING 16 scrolls of teleportation.
 27517 | Snake:1  | HP: 8/157 [poisoned by a sea snake]
 27519 | Snake:1  | HP: 3/157 [poisoned by a sea snake]
 27519 | Snake:1  | Killed from afar by a shock serpent

Levels and vault maps discovered:
D:1:      evilmike_arrival_fibonacci_small, layout_rooms
D:2:      layout_basic, dreamdust_ecumenical_altar_hidden_monk_grotto,
          uniq_robin
D:3:      layout_basic, nrook_mini_vaults
D:4:      layout_loops_cross, minmay_temple_entry_steel_oval
D:5:      layout_loops_corners, xom_redecorated
D:6:      layout_rooms, mainiacjoe_overflow_tiny_flanked, kennysheep_mini_moat,
          kennysheep_generic_room_10
D:7:      layout_gridville, nicolae_qazlal_eye_of_the_storm
D:8:      layout_gridville, mainiacjoe_overflow_cross_hatched, dpeg_oklobed_lair
D:9:      minmay_general_purpose_star, layout_gridville
D:10:     layout_basic, kiku_gazebo_pond_becter, nicolae_uskayaw_dance_studio,
          mainiacjoe_overflow_large_starburst
D:11:     layout_basic, hellmonk_guarded_unrand_lears, uniq_erica, uniq_grum
D:12:     layout_roguey, david_orc_2, uniq_lodul
D:13:     layout_cave_pools, minmay_liquid_box, nicolae_blasting_shop,
          uniq_frances
D:14:     layout_layer_cave, erik_vaults_1, portal_ice_cave_entry_pillars_2,
          small_statue_alley_a
D:15:     grunt_enter_depths_snipers, layout_basic, serial_undead,
          serial_undead_f, serial_undead_c, serial_undead_e, serial_undead_b,
          minmay_misc_feat_x
Lair:1:   layout_roguey, chequers_serial_rivers_small_3, nzn_random_ring
Lair:2:   layout_hall_layers, uniq_urug
Lair:3:   layout_gridlike, swamp_mist, minmay_snake_entry_six_corridors
Lair:4:   layout_loops_ring, beast_lair_carwin_2, lemuel_fruit_fields,
          uniq_sonja
Lair:5:   due_jungle_book, layout_small_grid, slime_entry_1, uniq_kirke
Snake:1:  layout_basic, grunt_megastairs_5, uniq_azrael
Orc:1:    cheibrodos_orc_arena, layout_caves, serial_shops, shop
Orc:2:    st_orc_congregation, layout_caves, basic_altar

Skill      XL: |  1  2  3  4  5  6  7  8  9 10 11 12 13 14 15 |
---------------+----------------------------------------------+-----
Axes           | 4 5 6 7 8 9 10 12 13 16 17 18 | 18.0
Fighting       | 4 5 7 8 9 10 12 15 16 17 | 17.9
Armour         | 3 4 5 7 8 10 12 13 14 | 14.6
Throwing       | 1 2 4 5 6 7 |  7.0
Dodging        | 3 4 5 7 8 |  8.0
Shields        | 6 8 9 13 16 | 16.0

Action                   |  1- 3 |  4- 6 |  7- 9 | 10-12 | 13-15 | 16-18 || total
-------------------------+-------+-------+-------+-------+-------+-------++-------
Melee: Hand axe          |   111 |    35 |       |       |       |       ||   146
       Headbutt          |    15 |    11 |    31 |    53 |   251 |     4 ||   365
       War axe           |       |    58 |   160 |    77 |       |       ||   295
       Punch             |       |       |     2 |     2 |       |       ||     4
       Broad axe         |       |       |       |   189 |   938 |    34 ||  1161
       Morningstar       |       |       |       |     9 |    38 |       ||    47
       Demon whip        |       |       |       |       |    14 |       ||    14
Throw: Boomerang         |    11 |    35 |    46 |    55 |   149 |     2 ||   298
       Javelin           |       |       |       |    69 |    20 |       ||    89
Invok: Berserk           |     3 |     5 |     4 |    27 |    27 |     1 ||    67
       Trog's Hand       |       |       |       |       |     5 |       ||     5
       Brothers in Arms  |       |       |       |       |    12 |       ||    12
  Use: Scroll            |     6 |     2 |     5 |    10 |    15 |     1 ||    39
       Potion            |     1 |     2 |     1 |     3 |     5 |       ||    12
 Stab: Distracted        |       |       |       |       |     1 |       ||     1
Armor: Animal skin       |     7 |       |       |       |       |       ||     7
       Chain mail        |    28 |    43 |    65 |    90 |   314 |       ||   540
       Plate armour      |       |       |       |       |     7 |    11 ||    18
Dodge: Dodged            |    39 |    42 |   116 |   140 |   326 |    11 ||   674
Block: Buckler           |       |       |       |    89 |   228 |       ||   317
       Reflection        |       |       |       |     1 |    24 |       ||    25
       Kite shield       |       |       |       |       |   417 |    20 ||   437

Table legend:
 A = Non-vault XP
 B = Vault XP
 C = Vault XP percentage of total XP
 D = Non-vault monster count
 E = Vault monster count
 F = Vault count percentage of total count
                 A         B        C        D         E       F
            +---------+---------+-------+---------+---------+-------
      Total |  102004 |   54626 |  34.9 |     473 |     189 |  28.5
            +---------+---------+-------+---------+---------+-------
        D:1 |      41 |       0 |   0.0 |      24 |       0 |   0.0
        D:2 |      26 |      28 |  51.9 |      15 |       7 |  31.8
        D:3 |     225 |       0 |   0.0 |      19 |       0 |   0.0
        D:4 |     345 |       0 |   0.0 |      22 |       0 |   0.0
        D:5 |    1027 |       0 |   0.0 |      18 |       0 |   0.0
        D:6 |    1057 |      14 |   1.3 |      14 |       1 |   6.7
        D:7 |    2042 |       0 |   0.0 |      18 |       0 |   0.0
        D:8 |     832 |       0 |   0.0 |      16 |       0 |   0.0
        D:9 |    2118 |     300 |  12.4 |      37 |       3 |   7.5
       D:10 |    1999 |      69 |   3.3 |      18 |       5 |  21.7
       D:11 |    4938 |    2224 |  31.1 |      21 |       7 |  25.0
       D:12 |    1026 |    1471 |  58.9 |       4 |      13 |  76.5
       D:13 |    4856 |    1569 |  24.4 |      11 |       1 |   8.3
       D:14 |   10080 |    1654 |  14.1 |      16 |       2 |  11.1
       D:15 |    8418 |    8870 |  51.3 |      15 |      15 |  50.0
     Lair:1 |    5570 |    3244 |  36.8 |      12 |      10 |  45.5
     Lair:2 |    2959 |     790 |  21.1 |      13 |       1 |   7.1
     Lair:3 |   12195 |    2926 |  19.4 |      31 |       7 |  18.4
     Lair:4 |    9276 |    3081 |  24.9 |      26 |       5 |  16.1
     Lair:5 |   24318 |   16285 |  40.1 |      61 |      33 |  35.1
    Snake:1 |    2789 |       0 |   0.0 |       5 |       0 |   0.0
      Orc:1 |    3603 |    1812 |  33.5 |      38 |      17 |  30.9
      Orc:2 |    2264 |   10289 |  82.0 |      19 |      62 |  76.5
            +---------+---------+-------+---------+---------+-------
